 Dungeon Crawl Stone Soup version 0.27.1-33-g824d729ab1 (webtiles) character file.

Game seed: 11095697640388921022

941 belegose the Sneak (level 8, -1/56 HPs)
             Began as a Djinni Earth Elementalist on Dec 3, 2021.
             Was an Initiate of Makhleb.
             Slain by an orc (9 damage)
             ... on level 4 of the Dungeon.
             The game lasted 00:18:11 (7473 turns).

belegose the Sneak (Djinni Earth Elementalist)      Turns: 7473, Time: 00:18:12

Health: -1/56      AC:  2    Str:  6 (9)  XL:     8   Next: 34%
Gold:   192        EV: 14    Int: 16 (17) God:    Makhleb [......] SH:  0 Dex: 19 (20)

rFire    + + .     SeeInvis .   m - +0 rapier
rCold    x . .     Faith    .   (no shield)
rNeg     . . .     Spirit   .   b - +0 robe
rPois    ∞         Reflect  .   (no helmet)
rElec    .         Harm     .   (no cloak)
rCorr    .         Rampage  .   (no gloves)
Will     +....                  (boots unavailable)
Stlth    +++.......             (no amulet)
HPRegen  0.18/turn              p - ring of willpower
MPRegen  0.00/turn              i - +6 ring of dexterity

@: flying
A: sickness immunity, fire resistance 2, cold vulnerability 1, float, innate
caster, hp casting, extra vitality 1
a: Renounce Religion


You were on level 4 of the Dungeon.
You worshipped Makhleb.
Makhleb was noncommittal.
You visited 2 branches of the dungeon, and saw 6 of its levels.

You collected 192 gold pieces.

Inventory:

Hand Weapons
 m - a +0 rapier (weapon)
Missiles
 c - 137 stones
 n - 3 javelins
 s - 8 boomerangs (quivered)
Armour
 b - a +0 robe (worn)
Jewellery
 i - a +6 ring of dexterity (right hand)
 p - a ring of willpower (left hand)
 r - a ring of protection from fire
Scrolls
 d - 3 scrolls of teleportation {unknown}
 e - a scroll of magic mapping {unknown}
 h - 3 scrolls of identify {unknown}
 o - a scroll of enchant armour {unknown}
 t - a scroll of fear {unknown}
 u - 2 scrolls of noise {unknown}
Potions
 k - a potion of haste
 l - a potion of curing {unknown}


   Skills:
 - Level 3.3 Fighting
 + Level 4.1 Dodging
 + Level 4.6 Stealth
 + Level 4.4 Spellcasting
 + Level 3.0 Invocations


You couldn't memorise any spells.
You knew the following spells:

 Your Spells              Type           Power      Damage    Failure   Level
a - Sandblast             Erth           34%        2d9       2%          1
b - Blink                 Tloc           N/A        N/A       4%          2
c - Stone Arrow           Conj/Erth      34%        3d9       8%          3
d - Petrify               Tmut/Erth      17%        N/A       26%         4
e - Passwall              Tmut/Erth      14%        N/A       4%          2
f - Poisonous Vapours     Pois/Air       34%        N/A       4%          2
q - Foxfire               Conj/Fire      68%        2x1d7     2%          1
Your spell library was empty.

Dungeon Overview and Level Annotations

Branches:
Dungeon (5/15)             Temple (1/1) D:4

Altars:
Ashenzari
Dithmenos
Elyvilon
Fedhas
Gozag
Hepliaklqana
Makhleb
Nemelex Xobeh
Okawaru
Qazlal
Ru
Sif Muna
Trog
Uskayaw
Wu Jian
Yredelemnul
Zin
The Shining One

Shops:
D:3 *

Annotations:
D:3 1 runed translucent door, exclusion: door, jiml777's ghost, amateur GrAE
D:5 2 transporters


Innate Abilities, Weirdness & Mutations

You are immune to sickness and miasma.
You are immune to poison.
Your flesh is very heat resistant. (rF++)
You are vulnerable to cold. (rC-)
You float through the air rather than walking.
You learn spells naturally, not from books.
Your magical power is your life essence.
You have superior vitality. (+4 HP)


Message History

The rat zombie barely misses you.
You hit the rat zombie but do no damage.
The orc misses you. The rat zombie misses you. The orc barely misses you.
You hit the rat zombie.
The rat zombie is severely damaged.
The rat zombie bites you but does no damage.
The orc hits you with a +0 flail!
You hit the rat zombie.
You destroy the rat zombie!
Makhleb accepts your kill. The orc hits you with a +0 flail.
The goblin zombie hits you but does no damage.
There is a stone staircase leading up here.
The orc hits you with a +0 flail!
* * * LOW HITPOINT WARNING * * *
You fly upwards.
There is a stone staircase leading down here.
You hit the orc.
The orc is lightly wounded.
The orc hits you with a +0 flail!
* * * LOW HITPOINT WARNING * * *
You hit the orc but do no damage.
The orc is lightly wounded.
The orc closely misses you.
You hit the orc but do no damage.
The orc is lightly wounded.
The orc barely misses you. x2
You barely miss the orc.
The orc is lightly wounded.
The orc closely misses you.
You hit the orc.
The orc is moderately wounded.
The orc closely misses you.
You hit the orc but do no damage.
The orc is moderately wounded.
The orc misses you.
You hit the orc but do no damage.
The orc is moderately wounded.
The orc hits you with a +0 flail!
You die...

..........###.#......(#.# #.
..#######.....#...###.#.# #.
#......######.....# #.#.# #.
=<...#.# #....<# #.#.# #.
####.#.# #....####.#.# #.
...#.#.# #......##.#.# ##
##.#.#.# ###....#.##.#.# #
#.#.#.####.....!#.##.#.# #
#.#......+...[.@#.#..#.#
#.....####.)...o#.##.#'########
###.### #......#.##..........#
#.# #......#.#...........#
#.###########.#.#.........."#
#.#≈≈≈≈≈≈≈≈≈#.#.#...........#
#.............#.#...........##
###≈≈≈≈≈≈≈≈≈#'#...............
###########......####...####


You could see an orc.

Vanquished Creatures
  A wyvern (D:5)
  Menkaure (D:4)
  An ice beast (D:5)
  A black bear (D:5)
  An ogre (D:5)
  A water moccasin zombie (D:5)
  A bullfrog zombie (D:5)
  A jelly (D:5)
  A hound (D:4)
  A centaur skeleton (D:5)
  Natasha (D:3)
  An iguana (D:3)
  A howler monkey skeleton (D:5)
  10 adders
  An ufetubus (D:5)
  An adder skeleton (D:4)
  A worm (D:3)
  8 orcs
  8 ball pythons
  2 endoplasms (D:1)
  A giant cockroach (D:2)
  7 goblins
  6 hobgoblins
  2 jackals (D:3)
  4 kobolds
  2 quokkas (D:1)
  2 bats
  5 frilled lizards (D:1)
  3 rats
  A rat zombie (D:5)
77 creatures vanquished.

Vanquished Creatures (others)
  98 foxfires
  8 plants
  2 withered plants (D:3)
108 creatures vanquished.

Grand Total: 185 creatures vanquished

Notes
Turn   | Place    | Note
-------+----------+-------------------------------------------
     0 | D:1      | belegose the Djinni Earth Elementalist began the quest for
                  | the Orb.
     0 | D:1      | Reached XP level 1. HP: 15/15 MP: 0/0
   167 | D:1      | Reached XP level 2. HP: 12/22 MP: 0/0
   778 | D:1      | Reached skill level 1 in Fighting
   952 | D:1      | Found a faded altar of an unknown god.
  1672 | D:1      | Reached XP level 3. HP: 26/27 MP: 0/0
  1672 | D:1      | Learned a level 1 spell: Foxfire
  2228 | D:2      | Reached XP level 4. HP: 30/33 MP: 0/0
  3403 | D:3      | Found a runed translucent door.
  3404 | D:3      | Noticed jiml777's ghost (amateur GrAE)
  3526 | D:3      | Found Imeejequ's General Store.
  3559 | D:3      | Reached XP level 5. HP: 33/39 MP: 0/0
  3559 | D:3      | Learned a level 2 spell: Blink
  4177 | D:4      | Noticed Natasha
  4642 | D:4      | Noticed Menkaure
  4661 | D:3      | Killed Natasha
  4794 | D:4      | Killed Menkaure
  4795 | D:4      | Reached XP level 6. HP: 23/46 MP: 0/0
  5319 | D:4      | Found a staircase to the Ecumenical Temple.
  5365 | Temple   | Entered the Ecumenical Temple
  5453 | Temple   | Became a worshipper of Makhleb the Destroyer
  5700 | D:5      | Entered Level 5 of the Dungeon
  5741 | D:5      | Found a transporter.
  5771 | D:5      | Found a transporter.
  5771 | D:5      | Noticed a wyvern
  5857 | D:5      | Killed a wyvern
  5858 | D:5      | Reached skill level 1 in Invocations
  5858 | D:5      | Reached XP level 7. HP: 5/50 MP: 0/0
  5858 | D:5      | Learned a level 2 spell: Poisonous Vapours
  6598 | D:5      | Reached XP level 8. HP: 41/56 MP: 0/0
  7473 | D:4      | Slain by an orc

Illustrated notes

Levels and vault maps discovered:
D:1:      dpeg_arrival_rooms_b, layout_basic, shapermc_ecumenical_altar_venn,
          minmay_lizard_king
D:2:      layout_loops_cross
D:3:      layout_basic, serial_shops, nicolae_shop_window_shopping,
          gammafunk_ghost_grave
D:4:      layout_basic, temple_statues, amcnicky_mini_rare_corridor_liquid,
          chequers_serial_rivers_micro_c, guppyfry_early_lair_pool,
          uniq_natasha, uniq_menkaure
D:5:      gammafunk_steamed_eel, layout_loops_ring, enter_ossuary_4, hex_large,
          serial_bayou_pond_b
Temple:   compressed_dpeg_circular_temple

Skill      XL: |  1  2  3  4  5  6  7  8 |
---------------+-------------------------+-----
Fighting       | 1 2 3 |  3.3
Stealth        | 2 3 4 |  4.6
Spellcasting   | 3 4 |  4.4
Invocations    | 1 2 3 |  3.0
Dodging        | 3 4 |  4.1

Action                   |  1- 3 |  4- 6 |  7- 9 || total
-------------------------+-------+-------+-------++-------
Melee: Short sword       |    49 |    10 |       ||    59
       Rapier            |       |    60 |    62 ||   122
Throw: Boomerang         |       |       |     1 ||     1
 Cast: Sandblast         |    20 |    10 |       ||    30
       Foxfire           |       |    39 |    14 ||    53
       Blink             |       |     2 |     1 ||     3
       Stone Arrow       |       |     3 |     6 ||     9
       Poisonous Vapours |       |       |     5 ||     5
  Use: Potion            |       |       |     9 ||     9
 Stab: Sleeping          |     4 |       |     1 ||     5
Armor: Robe              |     8 |     7 |    14 ||    29
       Skin              |       |       |     3 ||     3
Dodge: Dodged            |    32 |    49 |    72 ||   153
